 Dungeon Crawl Stone Soup version 0.31-a0-240-gb923e448b6 (webtiles) character file.

Game seed: 4642711380066282465

814 Morbidden the Ruffian (level 7, -15/66 HPs)
             Began as a Troll Shapeshifter on July 12, 2023.
             Was a Follower of Cheibriados.
             Demolished by a wyvern (17 damage)
             ... on level 5 of the Dungeon.
             The game lasted 00:03:33 (3251 turns).

Morbidden the Ruffian (Troll Shapeshifter)          Turns: 3251, Time: 00:03:34

Health: -15/66     AC:  4    Str: 29    XL:     7   Next: 62%
Magic:  7/7        EV: 10    Int:  7    God:    Cheibriados [*.....]
Gold:   277        SH:  0    Dex: 13    Spells: 7/7 levels left

rFire   + .          .
                       - Unarmed
rCold   . . .        (no shield)
rNeg    . . .        a - +0 animal skin
rPois   .            (helmet currently unavailable)
rElec   .            (cloak currently unavailable)
rCorr   .            (gloves unavailable)
SInv    .            (boots unavailable)
Will    .....        d - amulet of regeneration
Stlth   +            i - ring of protection from fire
HPRegen 1.91/turn    (no ring)
MPRegen 0.10/turn

%: no passive effects
@: beast-form, very slow
A: beast (slay +3), large, unfitting armour, claws 3, regeneration 1, shaggy fur
1, tough skin 1
a: Renounce Religion, Bend Time


You were on level 5 of the Dungeon.
You worshipped Cheibriados.
Cheibriados was aware of your devotion.
You were a hulking beast.
You visited 1 branch of the dungeon, and saw 5 of its levels.

You collected 277 gold pieces.

Inventory:

Missiles
 g - 65 stones
 v - 13 poisoned darts
Armour
 a - a +0 animal skin (worn)
Jewellery
 d - an amulet of regeneration (around neck)
 i - a ring of protection from fire (left claw)
Talismans
 c - a beast talisman
Wands
 x - a wand of flame (16)
Scrolls
 e - 2 scrolls of identify
 h - 2 scrolls of teleportation {unknown}
 j - a scroll of amnesia {unknown}
 l - 3 scrolls of immolation {unknown}
 o - 2 scrolls of enchant weapon {unknown}
 p - a scroll of silence {unknown}
 s - 2 scrolls of enchant armour {unknown}
 t - a scroll of fear {unknown}
 u - a scroll of fog {unknown}
 w - 2 scrolls of blinking
Potions
 b - a potion of lignification
 f - 5 potions of curing
 k - a potion of degeneration {unknown}
 m - a potion of enlightenment {unknown}
 n - 2 potions of ambrosia {unknown}
 q - a potion of mutation {unknown}
 r - a potion of might {unknown}
 z - a potion of haste {unknown}


   Skills:
 * Level 2.5 Fighting
 * Level 2.6 Dodging
 + Level 0.2 Stealth
 * Level 5.8 Unarmed Combat
 + Level 0.5 Spellcasting
 * Level 1.4 Invocations
 * Level 4.9 Shapeshifting


You had 7 spell levels left.
You didn't know any spells.
Your spell library contained the following spells:

 Spells                   Type           Power      Damage    Failure   Level
 Kiss of Death            Conj/Necr      0%         2d5       41%         1
 Sting                    Tmut/Pois      0%         1d3       41%         1
 Poisonous Vapours        Pois/Air       0%         N/A       56%         2
 Confusing Touch          Hex            0%         N/A       80%         3
 Dispel Undead            Necr           0%         3d6       99%         4
 Olgreb's Toxic Radiance  Pois           0%         N/A       99%         4


Dungeon Overview and Level Annotations

Branches:
Dungeon (5/15)
 Temple: D:4-7

Altars:
Cheibriados
Dithmenos
Kikubaaqudgha
Nemelex Xobeh
Okawaru
Sif Muna
Xom

Shops:
D:2 (


Innate Abilities, Weirdness & Mutations

You are a hulking beast.
Your limbs bulge with bestial killing power. (Slay +3)
You are too large for most types of armour.
You have claws for hands.
Your natural rate of healing is unusually fast.
You are covered in fur. (AC +1)
You have tough skin. (AC +1)


Message History

You are too injured to fight recklessly!
You are too injured to fight recklessly!
You are too injured to fight recklessly!
There are monsters nearby!
Unknown command.
Unknown command.
You are too injured to fight recklessly!
You claw the wyvern!
The wyvern is heavily wounded.
The wyvern bites you! The jackal bites you.
* * * LOW HITPOINT WARNING * * *
The jackal closely misses you. The jackal bites you.
* * * LOW HITPOINT WARNING * * *
The wyvern barely misses you.
The jackal bites you but does no damage.
You barely miss the wyvern. You claw the wyvern!
The wyvern is almost dead.
The jackal bites you.
* * * LOW HITPOINT WARNING * * *
The jackal bites you.
* * * LOW HITPOINT WARNING * * *
The wyvern bites you!
* * * LOW HITPOINT WARNING * * *
The jackal bites you.
* * * LOW HITPOINT WARNING * * *
The jackal bites you but does no damage.
Unknown command.
Unknown command.
Unknown command.
Unknown command.
It was a potion of curing.
You feel better.
The jackal bites you but does no damage.
The wyvern bites you.
* * * LOW HITPOINT WARNING * * *
The jackal bites you but does no damage.
The jackal bites you.
* * * LOW HITPOINT WARNING * * *
The jackal bites you but does no damage.
The wyvern bites you!
You die...

#####.# ##.....#
#......# #......# .
###############.....#
..##.....##.....##.....#
.^...............#.....#
......h>[........#.....#
......lh.........#....##
......hh.........#..).##
[................#.....#
.................#....<'
.............†...#.....#
.###....###..##'####..##
#....#######.####..##
......#.........#....
.... #.........#....


You could see a wyvern and 3 jackals.

Vanquished Creatures
  The ghost of confidenceinterval the Shooter, an amateur KoHs (D:4)
  Sigmund (D:5)
  A centaur (D:5)
  A scorpion (D:3)
  A hound (D:5)
  3 iguanas
  A sleepcap (D:5)
  2 orc wizards (D:2)
  8 adders
  4 worms
  5 dart slugs
  2 orcs (D:2)
  5 ball pythons
  3 bats
  6 endoplasms
  2 giant cockroaches
  7 hobgoblins
  13 jackals
  3 quokkas
  3 frilled lizards (D:2)
  4 goblins
  5 kobolds
  4 rats
85 creatures vanquished.

Notes
Turn   | Place    | Note
-------+----------+-------------------------------------------
     0 | D:1      | Morbidden the Troll Shapeshifter began the quest for the
                  | Orb.
     0 | D:1      | Reached XP level 1. HP: 19/19 MP: 0/0
    86 | D:1      | Reached XP level 2. HP: 27/27 MP: 1/1
   911 | D:2      | Reached XP level 3. HP: 32/35 MP: 2/2
   926 | D:2      | Reached XP level 4. HP: 40/42 MP: 3/3
  1023 | D:2      | Found Beigg's Weapon Shoppe.
  1494 | D:3      | Reached skill level 3 in Unarmed Combat
  1494 | D:3      | Reached XP level 5. HP: 49/49 MP: 4/4
  1710 | D:3      | Reached skill level 4 in Unarmed Combat
  1874 | D:4      | Found a snail-covered altar of Cheibriados.
  1876 | D:4      | Found a shadowy altar of Dithmenos.
  1878 | D:4      | Found a sparkling altar of Nemelex Xobeh.
  1879 | D:4      | Found a shimmering altar of Xom.
  1882 | D:4      | Became a worshipper of Cheibriados the Contemplative
  2148 | D:4      | Reached XP level 6. HP: 57/57 MP: 5/5
  2154 | D:4      | Found a runed translucent door.
  2155 | D:4      | Noticed confidenceinterval's ghost (amateur KoHs)
  2195 | D:4      | Reached * piety under Cheibriados
  2957 | D:4      | Killed confidenceinterval's ghost
  2978 | D:5      | Entered Level 5 of the Dungeon
  2980 | D:5      | Identified the +4 dagger of Elallo {freeze, rPois Str+2
                  | Dex+2 Stlth+}
  3013 | D:5      | Reached skill level 5 in Unarmed Combat
  3046 | D:5      | Found an ancient bone altar of Kikubaaqudgha.
  3049 | D:5      | Found an iron altar of Okawaru.
  3054 | D:5      | Found a shimmering blue altar of Sif Muna.
  3078 | D:5      | Noticed Sigmund
  3083 | D:5      | Reached skill level 1 in Invocations
  3083 | D:5      | Reached XP level 7. HP: 65/65 MP: 6/6
  3094 | D:5      | Killed Sigmund
  3240 | D:5      | Noticed a wyvern
  3250 | D:5      | HP: 1/66 [jackal (3)]
  3251 | D:5      | Demolished by a wyvern

Illustrated notes

Levels and vault maps discovered:
D:1:      dpeg_arrival_rhombus, layout_loops_corners
D:2:      layout_loops_ring, serial_shops, shop
D:3:      layout_rooms, kennysheep_generic_room_7
D:4:      layout_basic, mainiacjoe_overflow_alcove_3, gammafunk_ghost_grave
D:5:      layout_gridville, grunt_temple_overflow_diamond, uniq_sigmund

Skill      XL: |  1  2  3  4  5  6 |
---------------+-------------------+-----
Shapeshifting  | 4 |  4.9
Unarmed Combat | 3 4 5 |  5.8
Fighting       | 2 |  2.5
Dodging        | 2 |  2.6
Invocations    | 1 |  1.4
Stealth        | |  0.2
Spellcasting   | |  0.5

Action                     |  1- 3 |  4- 6 |  7- 9 || total
---------------------------+-------+-------+-------++-------
  Melee: Unarmed           |    27 |   112 |    32 ||   171
         Punch             |       |     5 |     1 ||     6
    Use: Scroll            |       |     1 |       ||     1
         Potion            |       |       |     2 ||     2
 Armour: Animal skin       |    10 |    25 |     8 ||    43
         Skin              |       |       |     7 ||     7
  Dodge: Dodged            |    10 |    53 |    16 ||    79

Table legend: (Time is in decaauts)
 A = Elapsed time spent in this place.
 B = Non-inter-level travel time spent in this place.
 C = Inter-level travel time spent in this place.
 D = Time resting spent in this place.
 E = Time spent auto-exploring this place.
 F = Levels seen in this place.
 G = Mean time per level.
                   A        B        C        D        E       F      G
               +--------+--------+--------+--------+--------+-----+--------+
         Total |   3687 |   3518 |    169 |     35 |   2973 |   5 |  737.4 |
       Dungeon |   3687 |   3518 |    169 |     35 |   2973 |   5 |  737.4 |
               +--------+--------+--------+--------+--------+-----+--------+

Top non-repeatable levels by time:
     D:4: 1471 daAuts
     D:1: 843 daAuts
     D:2: 587 daAuts
     D:3: 434 daAuts
     D:5: 350 daAuts
